 Dungeon Crawl Stone Soup version 0.29.1-1-gd02db6906a (webtiles) character file.

Game seed: 8721795073863613939

18 holycorn the Chopper (level 2, 0/40 HPs)
             Began as a Minotaur Berserker on Sept 22, 2022.
             Was a Follower of Trog.
             Killed from afar by Sigmund (3 damage)
             ... with a puff of flame
             ... on level 2 of the Dungeon.
             The game lasted 00:01:50 (1010 turns).

holycorn the Chopper (Minotaur Berserker)           Turns: 1010, Time: 00:01:51

Health: 0/40       AC: 10    Str: 21    XL:     2   Next: 48%
Magic:  1/1        EV:  8    Int:  4    God:    Trog [*.....]
Gold:   13         SH:  0    Dex:  9    Spells: 1/1 levels left

rFire   . . .      SeeInvis .   h - +0 war axe
rCold   . . .      Faith    .   (no shield)
rNeg    . . .      Spirit   .   k - +0 chain mail
rPois   .          Reflect  .   (helmet restricted)
rElec   .          Harm     .   (no cloak)
rCorr   .          Rampage  .   (no gloves)
Will    .....                   f - +0 pair of boots
Stlth   ..........              (no amulet)
HPRegen 0.13/turn               (no ring)
MPRegen 0.07/turn               (no ring)

@: berserking (expiring), very quick
A: horns 2, retaliatory headbutt
a: Renounce Religion, Berserk


You were on level 2 of the Dungeon.
You worshipped Trog.
Trog was aware of your devotion.
You visited 1 branch of the dungeon, and saw 2 of its levels.

You collected 13 gold pieces.

Inventory:

Hand Weapons
 a - a +0 hand axe
 h - a +0 war axe (weapon)
Armour
 b - a +0 animal skin
 f - a +0 pair of boots (worn)
 k - a +0 chain mail (worn)
Scrolls
 c - a scroll of fog {unknown}
 e - 4 scrolls of identify {unknown}
 g - a scroll of teleportation {unknown}
 l - a scroll of fear {unknown}
 m - a scroll of immolation {unknown}
 n - a scroll of poison {unknown}
 o - a scroll of magic mapping {unknown}
Potions
 d - a potion of flight {unknown}
 i - a potion of ambrosia {unknown}
 j - a potion of might {unknown}


   Skills:
 + Level 3.9 Fighting
 * Level 4.4 Axes
 - Level 2.4 Armour
 - Level 2.3 Dodging


You had one spell level left.
You didn't know any spells.
Your spell library was empty.

Dungeon Overview and Level Annotations

Branches:
Dungeon (2/15)

Altars:

Shops:
D:1 [

Annotations:
D:2 Sigmund


Innate Abilities, Weirdness & Mutations

You have a pair of horns on your head.
You reflexively headbutt those who attack you in melee.


Message History

There is a strange disturbance nearby!
No target in view!
Something hits you but does no damage.
You hit something but do no damage. Your headbutt misses something.
Something hits you.
You miss something. Your headbutt misses something.
You hear some strange, mumbled words.
A puff of flame appears from out of thin air!
The puff of flame hits you.
You closely miss something. You headbutt something.
You hear a zap.
A puff of flame appears from out of thin air!
The puff of flame hits you but does no damage.
You hear some strange, mumbled words.
A magic dart appears from out of thin air!
The magic dart hits you!
You miss something. Something hits you.
A red film seems to cover your vision as you go berserk!
You feel yourself moving faster!
You feel mighty!
You miss something.
You hear a zap.
A puff of flame appears from out of thin air!
The puff of flame hits you.
You closely miss something. Your headbutt misses something. Something hits you!
* * * LOW HITPOINT WARNING * * *
You closely miss something. You barely miss something.
Something hits you but does no damage.
You miss something. You headbutt something!
Something hits you but does no damage.
You barely miss something. You closely miss something.
You hear a zap.
A puff of flame appears from out of thin air!
The puff of flame hits you.
* * * LOW HITPOINT WARNING * * *
You miss something. Your headbutt misses something.
You hear a zap.
A puff of flame appears from out of thin air!
The puff of flame hits you.
You die...

.# .# .# ..# .#
#(###.# #..... ###
#.##{# #.. #.##@# #.#
#.##.# #.# #.##.###
#.#.#######......##
#.#................#
###.#####.#.######...#
....##....#.# ...#
#......##........
.....
#.#######.#.#####
.....#


There were no monsters in sight!

Vanquished Creatures
  3 ball pythons
  An endoplasm (D:2)
  A giant cockroach (D:1)
  A goblin (D:1)
  A hobgoblin (D:1)
  2 jackals (D:2)
  2 kobolds (D:1)
  A bat (D:1)
  3 frilled lizards (D:1)
  2 rats (D:1)
17 creatures vanquished.

Notes
Turn   | Place    | Note
-------+----------+-------------------------------------------
     0 | D:1      | holycorn the Minotaur Berserker began the quest for the
                  | Orb.
     0 | D:1      | Reached XP level 1. HP: 19/19 MP: 0/0
   452 | D:1      | Reached skill level 4 in Axes
   488 | D:1      | Reached XP level 2. HP: 25/27 MP: 1/1
   522 | D:1      | Found Gaiph's Antique Armour Emporium.
   992 | D:2      | Noticed Sigmund
  1010 | D:2      | Killed from afar by Sigmund

Illustrated notes

Levels and vault maps discovered:
D:1:      co_arrival_random_square_maze, layout_loops_ring, serial_shops,
          nicolae_shop_window_shopping, hangedman_decor_growths
D:2:      layout_loops_ring, serial_shops, nicolae_shop_crystal,
          nicolae_diamond_shop, minmay_misc_feat_alley, uniq_sigmund,
          uniq_crazy_yiuf_cottage

Skill      XL: |  1 |
---------------+----+-----
Axes           | 4 |  4.4
Fighting       | |  3.9
Armour         | |  2.4
Dodging        | |  2.3

Action                   || total
-------------------------++-------
Melee: War axe           ||    43
       Hand axe          ||     7
       Headbutt          ||     6
Invok: Berserk           ||     1
Armor: Animal skin       ||    10
       Chain mail        ||     9
Dodge: Dodged            ||    20
